 Dungeon Crawl Stone Soup version 0.20.1-1-g8b1a95d66d (webtiles) character file.

13262 Romulous the Cleaver (level 11, 0/101 HPs)
             Began as a Minotaur Fighter on Dec 7, 2017.
             Was an Initiate of Gozag.
             Slain by a skeletal warrior
             ... wielding a +0 war axe
             ... led by a death knight
              (12 damage)
             ... on level 11 of the Dungeon.
             The game lasted 01:17:39 (11236 turns).

Romulous the Cleaver (Minotaur Fighter)            Turns: 11236, Time: 01:17:40

Health: 0/101      AC: 26    Str: 30    XL:     11   Next: 73%
Magic:  10/10      EV: 14    Int:  4    God:    Gozag
Gold:   884        SH: 21    Dex: 16    Spells: 10/10 levels left

rFire    + + +     SeeInvis +   a - +1 war axe
rCold    + . .     Gourm    .   s - +1 large shield {rF+}
rNeg     . . .     Faith    .   M - +4 chain mail {rF+}
rPois    +         Spirit   .   N - +2 hat
rElec    +         Reflect  .   T - +0 cloak
rCorr    +         Harm     .   (no gloves)
MR       .....                  k - +1 pair of boots {Fly}
Stlth    ..........             B - amulet of regeneration
Regen    0.7/turn               y - ring of Day {*Slow rElec Str+8 Int-2 SInv}
MPRegen  0.2/turn               w - +5 ring of protection

@: agile, resistant, gold aura, very slightly contaminated, slowed, invisible,
very slow
A: retaliatory headbutt, horns 2
a: Potion Petition, Call Merchant, Bribe Branch, Renounce Religion, Evoke Flight


You were on level 11 of the Dungeon.
You worshipped Gozag.
Gozag was pleased with you.
You were not hungry.

You visited 2 branches of the dungeon, and saw 13 of its levels.
You also visited: Ossuary.

You collected 2151 gold pieces.
You spent 434 gold pieces at shops.
You paid 833 gold pieces to Gozag.

Inventory:

Hand Weapons
 a - a +1 war axe (weapon)
 G - a +2 battleaxe
Armour
 k - a +1 pair of boots of flying (worn)
 s - a +1 large shield of fire resistance (worn)
 M - a +4 chain mail of fire resistance (worn)
 N - a +2 hat (worn)
 T - a +0 cloak (worn)
Jewellery
 w - a +5 ring of protection (right hand)
 y - the ring of Day (left hand) {*Slow rElec Str+8 Int-2 SInv}
   (You found it on level 5 of the Dungeon)

   [ring of see invisible]

   It affects your strength (+8).
   It affects your intelligence (-2).
   It insulates you from electricity.
   It lets you see invisible.
   It may slow you when you take damage.
 B - an amulet of regeneration (around neck)
 Q - an uncursed amulet of faith
Wands
 t - a wand of flame (18/48)
Scrolls
 c - a scroll of torment {unknown}
 e - 3 scrolls of recharging
 g - 2 scrolls of magic mapping
 i - 4 scrolls of identify
 p - 6 scrolls of teleportation
 r - 2 scrolls of fear
 u - 4 scrolls of remove curse
 v - a scroll of fog {unknown}
 D - 4 scrolls of enchant armour
 F - 3 scrolls of enchant weapon
 I - a scroll of vulnerability {unknown}
 O - a scroll of holy word {unknown}
 R - 3 scrolls of immolation {unknown}
 U - a scroll of noise {unknown}
Potions
 d - 4 potions of brilliance {unknown}
 h - 2 potions of resistance {unknown}
 m - 2 potions of haste {unknown}
 n - 4 potions of heal wounds {unknown}
 x - 3 potions of agility {unknown}
 z - a potion of invisibility {unknown}
 A - a potion of cancellation {unknown}
 C - 3 potions of flight {unknown}
 H - 3 potions of ambrosia {unknown}
 J - a potion of lignification {unknown}
 L - 2 potions of degeneration {unknown}
 P - a potion of mutation {unknown}
Miscellaneous
 W - a lightning rod (4/4)
Comestibles
 f - 4 bread rations
 j - 6 royal jellies
 l - 5 meat rations
 q - 8 fruits


   Skills:
 + Level 10.3 Fighting
 + Level 13.9 Axes
 + Level 9.6 Armour
 + Level 4.3 Dodging
 + Level 2.3 Stealth
 + Level 10.8 Shields


You had 10 spell levels left.
You didn't know any spells.

Dungeon Overview and Level Annotations

Branches:
Dungeon (12/15)            Temple (1/1) D:4            Lair (0/6) D:11
    Orc (0/2) D:10

Altars:
Ashenzari
Cheibriados
Dithmenos
Elyvilon
Fedhas
Gozag
Hepliaklqana
Kikubaaqudgha
Makhleb
Nemelex Xobeh
Okawaru
Qazlal
Ru
Sif Muna
Trog
Uskayaw
Vehumet
Xom
Yredelemnul
Zin
The Shining One

Shops:
D:7 (   D:8 ?   D:9 [   D:10 (


Innate Abilities, Weirdness & Mutations

You reflexively headbutt those who attack you in melee.
You have a pair of horns on your head.


Message History

Your chain mail prevents you from hitting the skeletal warrior.
Your chain mail prevents you from hitting the wraith.
You hit the skeletal warrior but do no damage.
You block the wraith's attack.
You block the skeletal warrior's attack.
The skeletal warrior hits you with a war axe!
* * * LOW HITPOINT WARNING * * *
The death knight barely misses you. You furiously retaliate!
You headbutt the death knight, but do no damage.
You slice the death knight!!
You kill the death knight!
Your shield and chain mail prevent you from hitting the skeletal warrior.
Your damage is reflected back at you!
* * * LOW HITPOINT WARNING * * *
You hit the wraith.
You hit the skeletal warrior but do no damage.
You block the wraith's attack.
The skeletal warrior hits you with a war axe!
You die...
Your body crumbles into a pile of gold.

....# #.......... ....##
##......... .....# ######
#........# ....## ####....#
#...)...## ....##
###.......## #......##
.....### #..../.....#
##....###
#..#...####.........###..####
#####...###....zz..).#..## #
###..#######@W.....## ##
##...## #####..## .##
##.#...## ##..## ..#
##...#...#####..##
..###....###...##..####
#..##....# ##.).......###
...####..# ##..........#
##..###### #...........##
#...# ##............#


You could see 2 skeletal warriors and a wraith.

Vanquished Creatures
  A hydra (D:11)
  2 death knights
  2 skeletal warriors
  An unseen horror (D:11)
  A wizard (D:11)
  Maurice (D:8)
  A freezing wraith (D:9)
  A troll (D:9)
  3 hornets (D:9)
  2 wyverns
  2 wraiths (D:11)
  6 yaks (D:10)
  2 soldier ants
  A water moccasin (D:9)
  Duvessa (D:7)
  3 porcupines
  An ice beast (D:9)
  3 sky beasts
  7 orc warriors
  A phantom (D:9)
  The ghost of Dadi the Chopper, an amateur MiFi (D:3)
  A necrophage (D:11)
  2 centaurs
  4 ogres
  A big kobold (D:6)
  A bullfrog (D:11)
  Dowan (D:7)
  11 scorpions
  12 killer bees (D:8)
  9 wights
  3 electric eels (D:6)
  4 howler monkeys
  3 crimson imps
  3 jellies
  3 centaur zombies
  3 hounds
  2 human zombies (Ossuary)
  2 centaur skeletons (D:4)
  15 orc priests
  13 orc wizards
  Jessica (D:3)
  4 iguanas
  7 worker ants
  A killer bee zombie (D:7)
  2 big kobold zombies (Ossuary)
  4 mummies
  Robin (D:2)
  4 gnolls (D:5)
  A howler monkey skeleton (D:8)
  4 scorpion zombies (Ossuary)
  5 adders
  3 shadow imps
  2 oozes
  3 worms (D:2)
  10 dart slugs
  9 leopard geckos
  48 orcs
  6 bats
  4 giant cockroaches
  10 goblins
  5 hobgoblins
  7 jackals
  A quokka (D:3)
  A ball python (D:7)
  8 frilled lizards
  6 gnoll zombies (Ossuary)
  A goblin zombie (Ossuary)
  11 kobolds
  2 kobold zombies (Ossuary)
  A leopard gecko skeleton (D:6)
  A quokka skeleton (D:7)
  3 rats
  A fungus (D:11)
313 creatures vanquished.

Vanquished Creatures (others)
  A dart slug (D:6)
1 creature vanquished.

Grand Total: 314 creatures vanquished

Notes
Turn   | Place    | Note
-------+----------+-------------------------------------------
     0 | D:1      | Romulous the Minotaur Fighter began the quest for the Orb.
     0 | D:1      | Reached XP level 1. HP: 19/19 MP: 0/0
   215 | D:1      | Reached XP level 2. HP: 27/27 MP: 1/1
   638 | D:2      | Reached XP level 3. HP: 26/33 MP: 2/2
   885 | D:2      | Reached skill level 3 in Axes
   915 | D:2      | Noticed Robin
   943 | D:2      | Killed Robin
   943 | D:2      | Reached skill level 1 in Dodging
   943 | D:2      | Reached XP level 4. HP: 14/40 MP: 3/3
  1735 | D:3      | Noticed Dadi's ghost (amateur MiFi)
  1745 | D:3      | Killed Dadi's ghost
  1745 | D:3      | Reached skill level 4 in Axes
  1745 | D:3      | Reached XP level 5. HP: 41/47 MP: 4/4
  1892 | D:3      | Reached skill level 5 in Shields
  1925 | D:3      | Noticed Jessica
  1961 | D:3      | Killed Jessica
  1961 | D:3      | Reached skill level 5 in Axes
  1961 | D:3      | Reached XP level 6. HP: 53/53 MP: 5/5
  2382 | D:4      | Found a staircase to the Ecumenical Temple.
  2393 | D:4      | Found a sand-covered staircase.
  2404 | Ossuary  | Entered an ossuary
  2452 | Ossuary  | Reached skill level 6 in Axes
  2476 | Ossuary  | Reached skill level 5 in Fighting
  2516 | Ossuary  | Reached XP level 7. HP: 57/61 MP: 6/6
  2588 | Ossuary  | Reached skill level 5 in Armour
  2592 | Ossuary  | Reached skill level 7 in Axes
  3051 | Ossuary  | Reached skill level 8 in Axes
  3051 | Ossuary  | Reached XP level 8. HP: 56/70 MP: 7/7
  3210 | Temple   | Entered the Ecumenical Temple
  3296 | Temple   | Became a worshipper of Gozag Ym Sagoz the Greedy
  4412 | D:5      | Entered Level 5 of the Dungeon
  4558 | D:5      | Reached skill level 9 in Axes
  4633 | D:5      | Got a brightly glowing granite ring
  5190 | D:5      | Identified the ring of Day {*Slow rElec Str+8 Int-2 SInv} (You found it on level 5 of the Dungeon)
  5294 | D:6      | Found a snail-covered altar of Cheibriados.
  5615 | D:6      | Found a sacrificial altar of Ru.
  5689 | D:6      | Reached skill level 1 in Stealth
  5689 | D:6      | Reached XP level 9. HP: 73/79 MP: 8/8
  5697 | D:6      | Reached skill level 10 in Axes
  5947 | D:6      | Found a hide-covered altar of Uskayaw.
  6508 | D:7      | Noticed Dowan
  6509 | D:7      | Noticed Duvessa
  6518 | D:7      | Killed Duvessa
  6531 | D:7      | Killed Dowan
  7154 | D:8      | Reached skill level 11 in Axes
  7239 | D:8      | Found a sparkling altar of Nemelex Xobeh.
  7316 | D:8      | Found Jauxe's Magic Scroll Shoppe.
  7321 | D:8      | Bought a scroll of enchant weapon for 97 gold pieces
  7321 | D:8      | Bought a scroll of identify for 26 gold pieces
  7321 | D:8      | Bought a scroll of enchant armour for 97 gold pieces
  7587 | D:8      | Noticed Maurice
  7632 | D:8      | Killed Maurice
  7632 | D:8      | Reached XP level 10. HP: 90/90 MP: 9/9
  8039 | D:9      | Reached skill level 12 in Axes
  8292 | D:9      | Found Cine's Armour Boutique.
  8303 | D:9      | Bought a +1 large shield of fire resistance for 214 gold pieces
  8416 | D:9      | Paralysed by a hornet for 2 turns
  8426 | D:9      | Paralysed by a hornet for 2 turns
  8542 | D:9      | Found a glowing golden altar of the Shining One.
  8543 | D:9      | Found an ancient bone altar of Kikubaaqudgha.
  8544 | D:9      | Found a shattered altar of Ashenzari.
  8815 | D:10     | Entered Level 10 of the Dungeon
  8834 | D:10     | Noticed a death knight
  8834 | D:10     | Noticed a skeletal warrior
  8839 | D:10     | Noticed a skeletal warrior
  8980 | D:9      | Killed a skeletal warrior
  9010 | D:10     | Killed a death knight
  9029 | D:10     | Killed a skeletal warrior
  9129 | D:10     | Reached XP level 11. HP: 97/97 MP: 10/10
  9427 | D:10     | Reached skill level 13 in Axes
  9429 | D:10     | Found a staircase to the Orcish Mines.
  9429 | D:10     | Found Tiusurof's Weapon Shop.
 10015 | D:11     | Noticed an eight-headed hydra
 10142 | D:11     | Killed a 16-headed hydra
 10142 | D:11     | Reached skill level 10 in Fighting
 10142 | D:11     | Reached skill level 10 in Shields
 10288 | D:11     | Found a staircase to the Lair.
 10367 | D:11     | Noticed a wizard
 10376 | D:11     | Killed a wizard
 10521 | D:11     | Noticed an unseen horror
 10528 | D:11     | Killed an unseen horror
 11101 | D:12     | Noticed a skeletal warrior
 11101 | D:12     | Noticed a death knight
 11101 | D:12     | Noticed a skeletal warrior
 11101 | D:12     | Noticed a skeletal warrior
 11230 | D:12     | HP: 1/100 [skeletal warrior/war axe[a death knight] (13)]
 11236 | D:11     | Killed a death knight
 11236 | D:11     | Slain by a skeletal warrior

Skill      XL: |  1  2  3  4  5  6  7  8  9 10 11 |
---------------+----------------------------------+-----
Armour         | 4 5 6 7 8 9 |  9.6
Shields        | 4 5 6 7 9 10 | 10.8
Fighting       | 4 5 7 8 9 10 | 10.3
Axes           | 3 4 5 6 8 9 11 12 13 | 13.9
Dodging        | 1 2 3 4 |  4.3
Stealth        | 1 2 |  2.3

Action                   |  1- 3 |  4- 6 |  7- 9 | 10-12 || total
-------------------------+-------+-------+-------+-------++-------
Melee: War axe           |   106 |   127 |   371 |   341 ||   945
       Headbutt          |    15 |    23 |    79 |    98 ||   215
Invok: Call Merchant     |       |       |     1 |       ||     1
       Potion Petition   |       |       |       |     1 ||     1
 Abil: Stop Flying       |     1 |       |       |       ||     1
  Use: Potion            |       |     1 |     1 |     5 ||     7
       Scroll            |       |       |    12 |     5 ||    17
 Stab: Distracted        |       |       |     1 |     5 ||     6
  Eat: Chunk             |       |     5 |       |       ||     5
       Bread ration      |       |       |     2 |       ||     2
       Meat ration       |       |       |     1 |     1 ||     2
       Royal jelly       |       |       |     1 |     4 ||     5
       Fruit             |       |       |     1 |       ||     1
Armor: Scale mail        |    54 |    32 |       |       ||    86
       Chain mail        |       |    31 |   148 |   150 ||   329
Dodge: Dodged            |    36 |    36 |    75 |    58 ||   205
Block: Shield            |    55 |    60 |   181 |    16 ||   312
       Large shield      |       |       |       |   293 ||   293
